 Dungeon Crawl Stone Soup version 0.24.0-13-gcf9b319 (webtiles) character file.

Game seed: 680123914582885035, levelgen mode: deterministic

25 EndlessMike the Charmwright (level 2, -1/17 HPs)
             Began as a Vampire Skald on Apr 5, 2020.
             Slain by a worker ant (5 damage)
             ... on level 2 of the Dungeon.
             The game lasted 00:02:48 (944 turns).

EndlessMike the Charmwright (Vampire Skald)          Turns: 944, Time: 00:02:49

Health: -1/17      AC:  3    Str: 10    XL:     2   Next: 86%
Magic:  5/5        EV: 12    Int: 15    God:
Gold:   77         SH:  0    Dex: 13    Spells: 2/5 levels left

rFire    . . .     SeeInvis +   a - +0 falchion
rCold    + + .     Gourm    .   (no shield)
rNeg     + + +     Faith    .   b - +0 leather armour
rPois    ∞         Spirit   .   (no helmet)
rElec    .         Reflect  .   (no cloak)
rCorr    .         Harm     .   (no gloves)
MR       .....                  (no boots)
Stlth    +++.......             (no amulet)
HPRegen  0.00/turn              (no ring)
MPRegen  0.09/turn              (no ring)

@: bloodless, regenerating quickly
A: no food, fangs 3, see invisible, unbreathing
a: Revivify


You were on level 2 of the Dungeon.
You were bloodless.

You visited 1 branch of the dungeon, and saw 2 of its levels.

You collected 77 gold pieces.

Inventory:

Hand Weapons
 a - a +0 falchion (weapon)
Armour
 b - a +0 leather armour (worn)
Wands
 f - a wand of paralysis (9)


   Skills:
 - Level 1.7 Fighting
 * Level 3.0 Long Blades
 - Level 0.7 Armour
 - Level 2.1 Dodging
 - Level 2.0 Spellcasting
 + Level 3.7 Charms


You had 2 spell levels left.
You knew the following spells:

 Your Spells              Type           Power        Failure   Level  Hunger
i - Song of Slaying       Chrm           ##......     10%         2    N/A
u - Infusion              Chrm           ##..         7%          1    N/A

Your spell library contained the following spells:

 Spells                   Type           Power        Failure   Level  Hunger
 Shroud of Golubria       Chrm/Tloc      #.....       22%         2    N/A
 Regeneration             Chrm/Necr      #.........   38%         3    N/A
 Spectral Weapon          Hex/Chrm       #.......     38%         3    N/A

Dungeon Overview and Level Annotations

Branches:
Dungeon (2/15)

Altars:


Innate Abilities, Weirdness & Mutations

You do not eat.
You do not regenerate when monsters are visible.
You are frail without blood (-20% HP).
You can heal yourself when you bite living creatures.
You are immune to poison.
You have razor-sharp teeth.
You have supernaturally acute eyesight. (SInv)
You can survive without breathing.


Message History

* * * LOW HITPOINT WARNING * * *
Your song has ended.
The jackal bites you.
* * * LOW HITPOINT WARNING * * *
Okay, then.
You aren't carrying any potions.
You aren't carrying any scrolls.
Unknown command.
You hit the jackal.
The jackal is lightly wounded.
The jackal barely misses you.
You closely miss the jackal.
The jackal is lightly wounded.
The jackal closely misses you.
You riposte.
You closely miss the jackal. You bite the jackal.
You draw the jackal's blood!
You feel better.
The jackal is severely wounded.
You hit the jackal.
You kill the jackal!
The worker ant bites you.
You die...

#.#...... #..
#####.#...... #.#
............ #.#
#...>....#. #.#
#......#... #.#
##.....##... #.#
##...##.##... #.#
##..†###..#...
#@###..<## #......
##a##..#.# #..###..
#.h##.#..###.###.>.
#.#h[........# #...
#...##...#######...
#.......####<.###rg
#..##.#g...........
#.#)..#.####.##....
#...###.......#..##


You could see a worker ant and 2 jackals.

Vanquished Creatures
  4 bats
  2 giant cockroaches
  A goblin (D:1)
  5 hobgoblins
  3 jackals
  A quokka (D:2)
  A frilled lizard (D:2)
  2 kobolds (D:1)
  3 rats
22 creatures vanquished.

Notes
Turn   | Place    | Note
-------+----------+-------------------------------------------
     0 | D:1      | EndlessMike the Vampire Skald began the quest for the Orb.
     0 | D:1      | Reached XP level 1. HP: 16/16 MP: 3/3
   320 | D:1      | Reached XP level 2. HP: 22/22 MP: 5/5
   873 | D:1      | Learned a level 2 spell: Song of Slaying
   944 | D:2      | Slain by a worker ant

Levels and vault maps discovered:
D:1:      dpeg_arrival_more_subterranean_lakeside_camping, layout_basic,
          chequers_avenue, kennysheep_boxes
D:2:      layout_rooms, first_ration

Skill      XL: |  1  2 |
---------------+-------+-----
Long Blades    | 3 |  3.0
Fighting       | |  1.7
Armour         | |  0.7
Dodging        | |  2.1
Spellcasting   | |  2.0
Charms         | |  3.7

Action                   || total
-------------------------++-------
Melee: Falchion          ||    71
       Bite              ||     4
 Cast: Infusion          ||     2
       Song of Slaying   ||     1
 Abil: Exsanguinate      ||     1
  Use: Potion            ||     2
       Scroll            ||     1
Armor: Leather armour    ||    25
Dodge: Dodged            ||    69
       Rpst.: Falchion   ||    26
